 Dungeon Crawl Stone Soup version 0.21.1-1-g345015f (webtiles) character file.

896 Fang the Chopper (level 8, -2/73 HPs)
             Began as a Gargoyle Berserker on June 12, 2018.
             Was a Priest of Trog.
             Slain by a wight
             ... wielding a +0 halberd
              (10 damage)
             ... on level 6 of the Dungeon on June 13, 2018.
             The game lasted 00:05:24 (5211 turns).

Fang the Chopper (Gargoyle Berserker)               Turns: 5211, Time: 00:05:24

Health: -2/73      AC:  8    Str: 29    XL:     8   Next: 7%
Magic:  8/8        EV: 12    Int:  7    God:    Trog [***...]
Gold:   180        SH:  2    Dex:  9    Spells: 7/7 levels left

rFire    . . .     SeeInvis .   a - +0 hand axe
rCold    . . .     Gourm    .   (no shield)
rNeg     + . .     Faith    .   y - +0 robe {MR+}
rPois    ∞         Spirit   .   (no helmet)
rElec    +         Reflect  +   (no cloak)
rCorr    .         Harm     .   (no gloves)
MR       +....                  (no boots)
Stlth    ..........             l - +2 amulet of reflection
HPRegen  0.22/turn              m - ring of loudness (curse)
MPRegen  0.11/turn              (no ring)

@: berserking, very quick
A: negative energy resistance 1, electricity resistance, unbreathing,
petrification resistance, rot immunity, AC +5
a: Berserk, Trog's Hand, Burn Spellbooks, Renounce Religion


You were on level 6 of the Dungeon.
You worshipped Trog.
Trog was most pleased with you.
You were not hungry.

You visited 2 branches of the dungeon, and saw 7 of its levels.

You collected 180 gold pieces.

Inventory:

Hand Weapons
 a - a +0 hand axe (weapon)
Armour
 g - a +3 chain mail of fire resistance
 y - a +0 robe of magic resistance (worn)
Jewellery
 l - a +2 amulet of reflection (around neck)
 m - a cursed ring of loudness (left hand)
Wands
 r - a wand of flame (30)
 u - a wand of acid (11)
Scrolls
 d - a scroll of amnesia {unknown}
 e - 5 scrolls of identify {unknown}
 f - 3 scrolls of teleportation {unknown}
 k - a scroll of enchant armour {unknown}
 n - 2 scrolls of immolation {unknown}
 p - 2 scrolls of enchant weapon {unknown}
 q - a scroll of random uselessness {unknown}
 t - a scroll of remove curse {unknown}
 x - 3 scrolls of vulnerability {unknown}
Potions
 h - 3 potions of flight {unknown}
 i - a potion of degeneration {unknown}
 j - a potion of curing {unknown}
 o - 2 potions of heal wounds {unknown}
 s - a potion of berserk rage {unknown}
 w - a potion of haste {unknown}
Books
 v - a book of Flames

   Spells                             Type                      Level
   a - Flame Tongue                   Conjuration/Fire             1
   b - Throw Flame                    Conjuration/Fire             2
   c - Conjure Flame                  Conjuration/Fire             3
   d - Inner Flame                    Hexes/Fire                   3
   e - Sticky Flame                   Conjuration/Fire             4
   f - Fireball                       Conjuration/Fire             5
   Trog disapproves of the use of such an item.
Comestibles
 c - 11 rations


   Skills:
 + Level 5.2 Fighting
 + Level 6.2 Axes
 + Level 5.3 Armour
 + Level 2.4 Dodging
 + Level 1.0 Stealth


You had 7 spell levels left.
You didn't know any spells.

Dungeon Overview and Level Annotations

Branches:
Dungeon (6/15)             Temple (1/1) D:5

Altars:
Ashenzari
Cheibriados
Elyvilon
Fedhas
Gozag
Makhleb
Qazlal
Ru
Sif Muna
Uskayaw
Yredelemnul
Zin

Shops:
D:5 [


Innate Abilities, Weirdness & Mutations

You are resistant to torment.
Your stone body is resilient. (AC +5)
You are immune to poison.
You resist negative energy. (rN+)
You are resistant to electric shocks. (rElec)
You can survive without breathing.
You are immune to petrification.
You are immune to rotting.


Message History

The wight hits you from afar with a halberd.
* * * LOW HITPOINT WARNING * * *
The wight misses you.
Unknown command.
You slash the wight!
You destroy the wight!
Trog accepts your kill.
The wight hits you from afar with a halberd!
* * * LOW HITPOINT WARNING * * *
Unknown command.
The wight closely misses you. The iguana bites you.
* * * LOW HITPOINT WARNING * * *
Items here: )) [[ a dagger; a robe; a hand axe; a robe Unknown command.
You slash the iguana!
The iguana is severely wounded.
You slash the wight! You hit the wight but do no damage.
The wight hits you with a halberd!
You die...

........ .
......## .
..
......####..
..#..W...#..
#.........
#....z..#
#...zlz# ###
#@# .... #.#
#..##.######
#..........#
#.###.####.#
#.# #.# #.#
######.#


You could see a phantom, an iguana and 3 wights.

Vanquished Creatures
  A phantom (D:4)
  An ice beast (Temple)
  A centaur (D:5)
  An ogre (D:4)
  A scorpion (D:5)
  2 wights (D:6)
  A howler monkey (D:4)
  A centaur zombie (D:5)
  2 hounds (D:4)
  Ijyb (D:5)
  Jessica (D:3)
  An iguana (D:4)
  2 orc wizards (D:5)
  A worker ant (D:5)
  5 adders
  2 oozes
  2 dart slugs (D:2)
  5 leopard geckos
  4 orcs
  A giant cockroach (D:2)
  7 goblins
  8 hobgoblins
  10 jackals
  12 kobolds
  A quokka (D:4)
  2 ball pythons
  5 bats
  6 frilled lizards
  A jackal skeleton (D:5)
  A quokka skeleton (D:4)
  7 rats
96 creatures vanquished.

Notes
Turn   | Place    | Note
-------+----------+-------------------------------------------
     0 | D:1      | Fang the Gargoyle Berserker began the quest for the Orb.
     0 | D:1      | Reached XP level 1. HP: 14/14 MP: 1/1
   316 | D:1      | Reached XP level 2. HP: 19/19 MP: 2/2
   456 | D:1      | Reached skill level 3 in Axes
   982 | D:2      | Found a shattered altar of Ashenzari.
  1021 | D:2      | Reached XP level 3. HP: 23/24 MP: 3/3
  1344 | D:2      | Found a burning altar of Makhleb.
  1346 | D:2      | Noticed a balrug
  1541 | D:3      | Reached ** piety under Trog
  1610 | D:3      | Reached XP level 4. HP: 29/29 MP: 4/4
  1775 | D:3      | Noticed Jessica
  1788 | D:3      | Killed Jessica
  1788 | D:3      | Reached skill level 4 in Axes
  2499 | D:3      | Reached XP level 5. HP: 29/33 MP: 5/5
  2570 | D:4      | Found a snail-covered altar of Cheibriados.
  2714 | D:4      | Reached XP level 6. HP: 33/38 MP: 6/6
  2715 | D:4      | Noticed a phantom
  2794 | D:4      | Killed a phantom
  2941 | D:4      | Reached *** piety under Trog
  3228 | D:4      | Reached skill level 5 in Axes
  3339 | D:4      | Reached XP level 7. HP: 34/44 MP: 7/7
  3529 | D:5      | Entered Level 5 of the Dungeon
  3562 | D:5      | Found a hide-covered altar of Uskayaw.
  3594 | D:5      | Found Saezou's Antique Armour Shoppe.
  3845 | D:5      | Noticed Ijyb
  3855 | D:5      | Killed Ijyb
  4202 | D:5      | Reached skill level 5 in Armour
  4261 | D:5      | Reached skill level 1 in Stealth
  4277 | D:5      | Found a staircase to the Ecumenical Temple.
  4306 | Temple   | Entered the Ecumenical Temple
  4325 | Temple   | Reached skill level 6 in Axes
  5202 | D:6      | Reached skill level 5 in Fighting
  5202 | D:6      | Reached XP level 8. HP: 26/49 MP: 8/8
  5211 | D:6      | Slain by a wight

Skill      XL: |  1  2  3  4  5  6  7 |
---------------+----------------------+-----
Axes           | 3 4 5 6 |  6.2
Fighting       | 4 5 |  5.2
Dodging        | 2 |  2.4
Armour         | 3 4 5 |  5.3
Stealth        | 1 |  1.0

Action                   |  1- 3 |  4- 6 |  7- 9 || total
-------------------------+-------+-------+-------++-------
Melee: Hand axe          |   157 |   212 |   107 ||   476
Invok: Berserk           |       |     2 |     3 ||     5
  Eat: Chunk             |     2 |     5 |     6 ||    13
       Ration            |       |     1 |     1 ||     2
Armor: Animal skin       |    12 |       |       ||    12
       Chain mail        |    94 |   156 |    70 ||   320
       Robe              |       |       |     4 ||     4
Dodge: Dodged            |    87 |    99 |    60 ||   246
Block: Other             |       |       |     3 ||     3
